Map: Triton LE

Players

SpeCial

  • Race: Terran Terran
  • Spawn Location: 5:00

Dear - Winner!

  • Race: Protoss Protoss
  • Spawn Location: 11:00

Event: IEM Katowice 2020

VOD

Have the link to the VOD?

Description

Time

  • Played on: Feb. 27, 2020, 7:50 a.m.
  • Length: 10:11

All games in this series

Show
View Real Time Build Order
Export as new Build Order

SpeCial Terran 

Build Orders:  

Get SALT Encoding   

  12  0:00  SCV  
  13  0:13  SCV  
  14  0:18  Supply Depot  
  14  0:25  SCV  
  15  0:40  SCV  
  16  0:44  Barracks  
  16  0:46  Refinery  
  16  0:52  SCV  
  16  0:56  Refinery  
  17  1:04  SCV  
  18  1:16  SCV  
  19  1:31  Orbital Command  
  19  1:32  Reaper  
  20  1:35  Bunker  
  20  1:49  Factory  
  20  1:59  SCV  
  20  2:01  Supply Depot  
  21  2:06  Reaper  
  22  2:11  SCV  
  23  2:23  SCV  
  24  2:33  Command Center  
  24  2:35  SCV  
  25  2:44  Starport  
  25  2:48  Widow Mine  
  25  2:50  SCV  
  28  2:57  Supply Depot  
  28  3:02  SCV  
  29  3:10  Widow Mine  
  31  3:19  SCV  
  32  3:21  Medivac  
  34  3:31  SCV  
  34  3:32  Widow Mine  
  37  3:43  SCV  
  37  3:45  Orbital Command  
  38  3:53  Starport Tech Lab, Factory Tech Lab  
  38  3:55  SCV  
  39  3:59  Command Center  
  39  4:07  SCV  
  40  4:11  Raven  
  40  4:14  SCV  
  43  4:19  SCV  
  43  4:20  Barracks Reactor  
  44  4:28  Cyclone  
  44  4:30  SCV  
  43  4:33  SCV  
  40  4:42  SCV  
  41  4:45  SCV  
  40  4:54  SCV  
  40  4:57  SCV  
  40  4:58  Marine  
  40  4:59  Marine  
  44  5:02  Barracks  
  44  5:03  Barracks  
  44  5:04  Siege Tank  
  44  5:07  SCV  
  48  5:09  Supply Depot  
  48  5:10  SCV  
  49  5:15  Orbital Command  
  49  5:19  SCV  
  49  5:22  SCV  
  49  5:25  Marine x2  
  52  5:31  SCV  
  52  5:34  SCV  
  52  5:37  Engineering Bay  
  52  5:42  SCV  
  52  5:43  SCV  
  52  5:46  Marine x2, SCV  
  56  5:51  Marine  
  56  5:53  Supply Depot, Stimpack  
  56  5:54  SCV, Starport Reactor  
  56  5:55  SCV  
  59  5:58  SCV, Marine  
  59  6:02  Factory Reactor  
  59  6:03  Marine x2  
  63  6:05  Terran Infantry Weapons Level 1  
  63  6:09  Marine  
  63  6:10  Refinery x2  
  64  6:11  Combat Shield  
  64  6:13  SCV x2  
  64  6:14  SCV  
  64  6:16  Marine  
  67  6:19  Missile Turret  
  67  6:25  SCV x2  
  69  6:26  Orbital Command  
  69  6:28  Marine x2, Supply Depot  
  69  6:29  Marauder  
  69  6:32  Medivac  
  75  6:35  Marauder  
  75  6:37  SCV x2  
  77  6:43  Medivac  
  77  6:45  Barracks  
  78  6:47  Barracks  
  78  6:49  SCV x2  
  78  6:52  SCV  
  81  6:56  Marine x2  
  81  6:57  Marauder x2  
  87  7:01  SCV  
  87  7:02  SCV  
  87  7:04  SCV  
  90  7:13  SCV  
  90  7:14  SCV, Marine  
  93  7:18  SCV  
  93  7:23  Marine, Supply Depot, Marauder x2  
  93  7:25  Supply Depot  
  93  7:26  SCV, Widow Mine  
  101  7:34  SCV x2  
  101  7:43  Armory  
  101  7:44  Medivac x2, Engineering Bay  
  101  7:45  SCV, Widow Mine  
  101  7:46  SCV  
  101  7:47  Marine x2, SCV  
  101  7:48  Barracks Reactor, Marauder x2  
  101  7:49  Barracks Tech Lab  
  116  7:56  Supply Depot  
  116  7:57  SCV  
  117  8:00  Widow Mine  
  117  8:01  Refinery  
  119  8:06  Widow Mine  
  119  8:09  SCV, Marine, Refinery  
  119  8:10  Marine  
  124  8:15  SCV  
  124  8:17  Medivac  
  124  8:19  Marauder  
  127  8:26  Viking  
  123  8:33  Marine  
  123  8:34  SCV, Marauder  
  118  8:38  Marine  
  118  8:39  SCV x2, Marauder  
  118  8:46  SCV, Sensor Tower  
  118  8:47  Viking  
  121  8:49  Marine x2  
  121  8:51  Marine  
  121  8:55  Command Center  
  124  8:56  Marine, Missile Turret x2, Ghost Academy  
  124  8:59  Viking  
  124  9:00  Marine x2  
  118  9:13  Marine  
  118  9:14  Marine x2, Concussive Shells  
  118  9:15  Marine  
  122  9:17  Marauder  
  122  9:19  Marauder x2  
  122  9:22  Supply Depot  
  122  9:23  Supply Depot  
  128  9:28  Viking  
  128  9:29  Viking  
  128  9:30  Missile Turret  
  132  9:32  Missile Turret  
  132  9:36  Marine  
  132  9:37  Marine  
  130  9:38  Marauder  
  130  9:40  Marine  
  130  9:41  Marauder  
  130  9:43  Marauder  
  118  9:46  Marine  
Show
View Real Time Build Order
Export as new Build Order

Dear Protoss - Winner!

Build Orders: Oracle Opening, Phoenix Opening 

Get SALT Encoding   

  12  0:00  Probe  
  13  0:13  Probe  
  14  0:17  Pylon  
  14  0:25  Probe (Chrono Boost)  
  15  0:37  Probe (Chrono Boost), Gateway  
  16  0:44  Probe (Chrono Boost)  
  16  0:46  Assimilator  
  17  0:51  Probe  
  18  1:03  Probe  
  19  1:15  Probe  
  20  1:24  Cybernetics Core, Zealot  
  22  1:37  Pylon  
  22  1:38  Probe  
  22  1:39  Assimilator  
  23  1:57  Nexus  
  23  2:01  Stalker (Chrono Boost)  
  22  2:07  Probe  
  25  2:10  Warp Gate  
  25  2:19  Probe  
  26  2:23  Stalker (Chrono Boost)  
  28  2:31  Probe  
  29  2:43  Probe  
  30  2:48  Stargate  
  30  2:55  Probe  
  31  3:09  Probe (Chrono Boost)  
  33  3:13  Probe (Chrono Boost), Stalker  
  33  3:18  Probe (Chrono Boost)  
  36  3:22  Probe (Chrono Boost)  
  36  3:23  Probe (Chrono Boost)  
  38  3:29  Oracle (Chrono Boost)  
  38  3:32  Probe  
  42  3:35  Probe  
  42  3:36  Pylon  
  43  3:44  Probe  
  43  3:47  Probe  
  45  3:57  Nexus  
  45  3:58  Phoenix  
  45  4:00  Probe x2  
  49  4:07  Gateway  
  49  4:09  Sentry  
  51  4:12  Probe  
  51  4:13  Probe  
  51  4:16  Pylon  
  53  4:25  Probe  
  54  4:34  Phoenix (Chrono Boost), Probe  
  53  4:39  Probe  
  54  4:45  Adept  
  54  4:46  Probe  
  54  4:51  Probe, Assimilator  
  58  4:57  Phoenix (Chrono Boost), Assimilator  
  58  4:58  Probe  
  58  4:59  Robotics Facility  
  61  5:03  Pylon  
  62  5:07  Probe  
  62  5:09  Probe  
  62  5:10  Probe  
  64  5:17  Phoenix  
  64  5:19  Probe  
  67  5:21  Probe  
  67  5:23  Probe  
  69  5:31  Probe (Chrono Boost)  
  69  5:34  Probe (Chrono Boost)  
  69  5:35  Probe (Chrono Boost)  
  70  5:37  Pylon  
  71  5:43  Probe (Chrono Boost)  
  71  5:45  Probe (Chrono Boost)  
  71  5:46  Probe (Chrono Boost)  
  71  5:48  Probe (Chrono Boost), Observer (Chrono Boost)  
  75  5:50  Probe x2 (Chrono Boost), Robotics Bay  
  77  5:57  Probe, Pylon  
  77  5:58  Adept  
  77  5:59  Adept  
  77  6:00  Probe  
  77  6:01  Probe  
  84  6:06  Immortal (Chrono Boost)  
  84  6:10  Gateway  
  88  6:12  Gateway  
  88  6:15  Probe x2  
  88  6:16  Probe  
  91  6:22  Forge  
  91  6:23  Twilight Council  
  91  6:27  Probe x2  
  91  6:30  Probe  
  91  6:31  Assimilator  
  94  6:32  Assimilator  
  94  6:34  Pylon  
  94  6:36  Colossus (Chrono Boost)  
  100  6:44  Pylon  
  100  6:46  Gateway  
  100  6:49  Gateway  
  100  6:52  Charge, Extended Thermal Lance  
  100  6:54  Probe x2  
  100  6:55  Probe  
  100  6:58  Protoss Ground Weapons Level 1 (Chrono Boost)  
  100  7:00  Pylon  
  103  7:07  Probe  
  103  7:13  Colossus (Chrono Boost)  
  103  7:19  Zealot  
  103  7:20  Zealot x3  
  117  7:25  Templar Archives  
  117  7:28  Pylon  
  115  7:39  Gateway  
  115  7:42  Gateway  
  115  7:50  Colossus (Chrono Boost)  
  115  7:53  Zealot  
  115  7:54  Zealot x5, Psionic Storm  
  133  7:58  Pylon  
  133  8:00  Pylon  
  129  8:25  Stalker x6  
  118  8:36  Warp Prism (Chrono Boost)  
  118  8:40  High Templar x2  
  119  8:50  High Templar x2  
  119  8:51  Zealot x4  
  131  9:00  Nexus  
  131  9:13  Stalker x4  
  131  9:14  Zealot, Stalker  
  143  9:23  Pylon  
  143  9:25  Zealot  
  143  9:26  Zealot  
  138  9:31  Probe  
  138  9:32  Probe x2  
  137  9:41  Archon  
  127  9:46  Zealot x6  
  125  9:56  Zealot x2  
  125  9:59  Probe x2  
  117  10:05  Archon  

Tags
 
Add a new tag
Caveats
  • Supply blocks, unpowered buildings, or Contaminate may cause inaccurate times.
  • Supply counts are checked every 10 seconds.